[ PARTIDA AOE2 · #483974492 ]
UnrankedGodos vs Britons
[ ANÁLISIS DE REPETICIÓN · EXTRAÍDO DE LA PARTIDA GRABADA ]
Feudal
11:10
Castillos
16:16
Imperial
—
| APM promedio | 39.8 |
| APM pico | 78 |
| eAPM promedio | 15.9 |
| Aldeanos / militares | 74 / 12 |
Foco
⚔️ 14.1% · 🌾 85.9%
Militia ×12
Feudal
10:48
Castillos
17:09
Imperial
—
| APM promedio | 16.6 |
| APM pico | 75 |
| eAPM promedio | 7.9 |
| Aldeanos / militares | 41 / 12 |
Foco
⚔️ 14.3% · 🌾 85.7%
Longbowman ×12
Feudal
11:43
Castillos
20:16
Imperial
—
| APM promedio | 29.0 |
| APM pico | 65 |
| eAPM promedio | 13.8 |
| Aldeanos / militares | 43 / 8 |
Foco
⚔️ 10.9% · 🌾 89.1%
Conquistador ×8
Feudal
11:45
Castillos
—
Imperial
—
| APM promedio | 9.1 |
| APM pico | 18 |
| eAPM promedio | 4.9 |
| Aldeanos / militares | 21 / 15 |
Foco
⚔️ 21.4% · 🌾 78.6%
Spearman ×11 · Scout Cavalry ×4
Mapa de la partida
Recursos iniciales + cada clic de construcción. Líneas = muros · curvas = relieve. ◆ oro · ⬟ piedra · ● bayas · ✦ reliquia · ◌ hueco del cierre
Tu base· ✓ Cerrada en 16:16 · 1t muro · 1 puerta(s)
Base de rafael9530· ✓ Cerrada en 17:09 · 6t muro · sin puerta
Base de willswt· ✓ Cerrada en 20:16 · 16t muro · sin puerta
Base de plantar2005· ✓ Cerrada en 12:00 · 15t muro · 1 puerta(s)
Terreno inicial suavizado · ◌ = hueco del cierre detectado · pasá el cursor para detalles
Inputs por minuto
— Rakerion - - rafael9530
Build order — Rakerion
Primeras 150 de 153 acciones detectadas
| 0:02 | Crear | Villager (Male) |
| 0:02 | Crear | Villager (Male) |
| 0:02 | Crear | Villager (Male) |
| 0:02 | Crear | Villager (Male) |
| 0:03 | Construir | House |
| 0:04 | Construir | House |
| 0:43 | Investigar | Loom |
| 1:37 | Crear | Villager (Male) |
| 1:45 | Construir | Lumber Camp |
| 1:57 | Crear | Villager (Male) |
| 1:57 | Crear | Villager (Male) |
| 2:22 | Crear | Villager (Male) |
| 2:22 | Crear | Villager (Male) |
| 3:03 | Crear | Villager (Male) |
| 3:03 | Crear | Villager (Male) |
| 3:18 | Crear | Villager (Male) |
| 3:18 | Crear | Villager (Male) |
| 3:31 | Crear | Villager (Male) |
| 3:31 | Crear | Villager (Male) |
| 3:38 | Construir | House |
| 4:22 | Crear | Villager (Male) |
| 4:22 | Crear | Villager (Male) |
| 4:30 | Crear | Villager (Male) |
| 4:30 | Crear | Villager (Male) |
| 4:54 | Crear | Villager (Male) |
| 4:54 | Crear | Villager (Male) |
| 4:54 | Crear | Villager (Male) |
| 5:16 | Crear | Villager (Male) |
| 5:37 | Construir | Barracks |
| 6:17 | Crear | Villager (Male) |
| 6:29 | Construir | House |
| 6:33 | Crear | Villager (Male) |
| 7:08 | Construir | Mill |
| 7:13 | Crear | Villager (Male) |
| 7:24 | Crear | Villager (Male) |
| 7:39 | Construir | House |
| 7:43 | Crear | Militia |
| 8:00 | Crear | Villager (Male) |
| 8:17 | Crear | Villager (Male) |
| 8:46 | Construir | Mining Camp |
| 8:53 | Construir | Mining Camp |
| 8:54 | Investigar | Feudal Age |
| 9:17 | Construir | Mill |
| 9:20 | Crear | Villager (Male) |
| 9:20 | Crear | Villager (Male) |
| 9:54 | Crear | Militia |
| 10:12 | Crear | Villager (Male) |
| 10:43 | Construir | House |
| 10:45 | Construir | House |
| 11:10 | Edad | Edad Feudal |
| 11:47 | Construir | Market |
| 12:26 | Crear | Villager (Male) |
| 12:31 | Construir | Blacksmith |
| 13:00 | Crear | Villager (Male) |
| 13:20 | Construir | Palisade Wall |
| 13:23 | Construir | Palisade Gate |
| 13:33 | Crear | Villager (Male) |
| 13:36 | Investigar | Castle Age |
| 13:36 | Investigar | Castle Age |
| 13:51 | Investigar | Man-at-Arms (upgrade) |
| 14:02 | Crear | Villager (Male) |
| 14:11 | Investigar | Double-Bit Axe |
| 14:14 | Investigar | Horse Collar |
| 14:14 | Investigar | Horse Collar |
| 14:35 | Crear | Villager (Male) |
| 14:39 | Construir | Farm |
| 14:39 | Construir | Farm |
| 14:39 | Construir | Farm |
| 14:40 | Construir | Farm |
| 14:42 | Crear | Villager (Male) |
| 15:00 | Crear | Villager (Male) |
| 15:35 | Construir | Farm |
| 15:36 | Construir | Farm |
| 15:36 | Construir | Farm |
| 15:36 | Construir | Farm |
| 15:36 | Construir | Farm |
| 16:02 | Construir | Farm |
| 16:02 | Construir | Farm |
| 16:02 | Construir | Farm |
| 16:02 | Construir | Farm |
| 16:16 | Edad | Edad de los Castillos |
| 16:28 | Investigar | Bow Saw |
| 16:40 | Investigar | Scale Mail Armor |
| 17:29 | Investigar | Heavy Plow |
| 18:01 | Construir | Town Center |
| 18:02 | Crear | Villager (Male) |
| 18:02 | Crear | Villager (Male) |
| 18:02 | Crear | Villager (Male) |
| 18:40 | Crear | Militia |
| 18:47 | Construir | House |
| 18:47 | Construir | House |
| 18:48 | Construir | House |
| 18:48 | Construir | House |
| 18:48 | Construir | House |
| 18:49 | Construir | House |
| 18:49 | Construir | House |
| 18:49 | Construir | House |
| 19:03 | Crear | Villager (Male) |
| 19:19 | Crear | Villager (Male) |
| 19:19 | Crear | Villager (Male) |
| 19:19 | Crear | Villager (Male) |
| 19:20 | Crear | Villager (Male) |
| 19:30 | Crear | Villager (Male) |
| 19:30 | Crear | Villager (Male) |
| 19:32 | Crear | Villager (Male) |
| 19:32 | Crear | Villager (Male) |
| 19:43 | Construir | Town Center |
| 19:44 | Crear | Villager (Male) |
| 19:44 | Crear | Villager (Male) |
| 19:50 | Crear | Militia |
| 20:07 | Investigar | Scale Mail Armor |
| 20:42 | Investigar | Forging |
| 20:45 | Crear | Villager (Male) |
| 20:45 | Crear | Villager (Male) |
| 21:01 | Construir | Farm |
| 21:01 | Construir | Farm |
| 21:01 | Construir | Farm |
| 21:01 | Construir | Farm |
| 21:09 | Crear | Villager (Male) |
| 21:09 | Crear | Villager (Male) |
| 21:26 | Construir | Town Center |
| 21:26 | Crear | Villager (Male) |
| 21:34 | Crear | Villager (Male) |
| 21:34 | Crear | Villager (Male) |
| 21:39 | Construir | Farm |
| 21:39 | Construir | Farm |
| 21:39 | Construir | Farm |
| 22:01 | Construir | Barracks |
| 22:01 | Construir | Barracks |
| 22:17 | Investigar | Long Swordsman (upgrade) |
| 22:24 | Crear | Villager (Male) |
| 22:35 | Crear | Villager (Male) |
| 22:35 | Crear | Villager (Male) |
| 22:46 | Crear | Villager (Male) |
| 22:46 | Crear | Villager (Male) |
| 23:23 | Crear | Militia |
| 23:24 | Crear | Militia |
| 23:24 | Crear | Militia |
| 23:24 | Crear | Militia |
| 23:55 | Investigar | Wheelbarrow |
| 24:05 | Crear | Villager (Male) |
| 24:05 | Crear | Villager (Male) |
| 24:05 | Crear | Villager (Male) |
| 24:06 | Crear | Villager (Male) |
| 24:06 | Crear | Villager (Male) |
| 24:06 | Crear | Villager (Male) |
| 24:28 | Crear | Villager (Male) |
| 24:29 | Crear | Villager (Male) |
| 24:29 | Crear | Villager (Male) |
| 25:00 | Crear | Militia |
Build order — rafael9530
105 acciones detectadas en el replay
| 0:02 | Construir | House |
| 0:03 | Construir | House |
| 0:05 | Crear | Villager (Male) |
| 0:05 | Crear | Villager (Male) |
| 0:05 | Crear | Villager (Male) |
| 0:06 | Crear | Villager (Male) |
| 1:59 | Crear | Villager (Male) |
| 1:59 | Crear | Villager (Male) |
| 2:00 | Crear | Villager (Male) |
| 2:07 | Investigar | Loom |
| 2:36 | Crear | Villager (Male) |
| 2:36 | Crear | Villager (Male) |
| 3:00 | Crear | Villager (Male) |
| 3:01 | Crear | Villager (Male) |
| 3:01 | Crear | Villager (Male) |
| 3:47 | Construir | Mill |
| 4:14 | Construir | House |
| 4:16 | Crear | Villager (Male) |
| 4:17 | Crear | Villager (Male) |
| 4:58 | Crear | Villager (Male) |
| 5:07 | Construir | House |
| 5:14 | Crear | Villager (Male) |
| 5:14 | Crear | Villager (Male) |
| 6:33 | Crear | Villager (Male) |
| 6:34 | Crear | Villager (Male) |
| 6:34 | Crear | Villager (Male) |
| 6:34 | Crear | Villager (Male) |
| 7:03 | Construir | Mill |
| 8:02 | Construir | Lumber Camp |
| 8:06 | Crear | Villager (Male) |
| 8:06 | Crear | Villager (Male) |
| 8:34 | Investigar | Feudal Age |
| 10:14 | Construir | Mill |
| 10:34 | Crear | Villager (Male) |
| 10:34 | Crear | Villager (Male) |
| 10:34 | Crear | Villager (Male) |
| 10:48 | Edad | Edad Feudal |
| 11:27 | Construir | Market |
| 11:32 | Construir | House |
| 11:59 | Construir | Watch Tower |
| 12:09 | Construir | Palisade Wall |
| 12:26 | Construir | Palisade Wall |
| 13:02 | Construir | Blacksmith |
| 13:03 | Construir | House |
| 13:14 | Crear | Villager (Male) |
| 13:42 | Crear | Villager (Male) |
| 14:29 | Investigar | Castle Age |
| 15:19 | Construir | House |
| 15:30 | Construir | House |
| 15:45 | Construir | Mining Camp |
| 16:29 | Construir | House |
| 16:30 | Construir | House |
| 17:09 | Edad | Edad de los Castillos |
| 17:28 | Crear | Villager (Male) |
| 17:29 | Crear | Villager (Male) |
| 17:29 | Crear | Villager (Male) |
| 17:29 | Crear | Villager (Male) |
| 17:29 | Crear | Villager (Male) |
| 18:02 | Construir | House |
| 18:54 | Construir | House |
| 19:03 | Construir | Mining Camp |
| 19:25 | Construir | House |
| 19:26 | Construir | House |
| 19:28 | Construir | Farm |
| 19:33 | Construir | Farm |
| 19:35 | Crear | Villager (Male) |
| 19:39 | Construir | Farm |
| 20:17 | Crear | Villager (Male) |
| 20:21 | Investigar | Fletching |
| 20:44 | Construir | Castle |
| 20:53 | Investigar | Bodkin Arrow |
| 21:04 | Construir | University |
| 21:08 | Construir | Farm |
| 21:12 | Construir | Farm |
| 21:16 | Construir | Farm |
| 21:21 | Construir | Farm |
| 21:30 | Construir | House |
| 21:31 | Construir | House |
| 22:12 | Investigar | Ballistics |
| 22:15 | Construir | Farm |
| 22:31 | Construir | Mining Camp |
| 22:37 | Crear | Longbowman |
| 22:38 | Crear | Longbowman |
| 22:43 | Crear | Villager (Male) |
| 22:46 | Investigar | Wheelbarrow |
| 22:54 | Crear | Longbowman |
| 22:54 | Crear | Longbowman |
| 23:02 | Construir | House |
| 23:03 | Construir | House |
| 23:04 | Construir | House |
| 23:05 | Construir | House |
| 23:15 | Crear | Villager (Male) |
| 23:15 | Crear | Villager (Male) |
| 23:15 | Crear | Villager (Male) |
| 23:28 | Crear | Longbowman |
| 23:28 | Crear | Longbowman |
| 23:29 | Crear | Longbowman |
| 23:29 | Crear | Longbowman |
| 23:40 | Construir | Siege Workshop |
| 23:48 | Crear | Villager (Male) |
| 23:48 | Crear | Villager (Male) |
| 24:00 | Crear | Longbowman |
| 24:01 | Crear | Longbowman |
| 24:01 | Crear | Longbowman |
| 24:01 | Crear | Longbowman |
Build order — willswt
100 acciones detectadas en el replay
| 0:03 | Construir | House |
| 0:04 | Construir | House |
| 0:14 | Crear | Villager (Male) |
| 0:32 | Crear | Villager (Male) |
| 0:44 | Crear | Villager (Male) |
| 0:53 | Crear | Villager (Male) |
| 1:36 | Crear | Villager (Male) |
| 2:20 | Crear | Villager (Male) |
| 2:24 | Crear | Villager (Male) |
| 2:44 | Crear | Villager (Male) |
| 3:22 | Crear | Villager (Male) |
| 4:07 | Crear | Villager (Male) |
| 4:09 | Crear | Villager (Male) |
| 4:15 | Construir | Lumber Camp |
| 4:52 | Construir | House |
| 5:16 | Crear | Villager (Male) |
| 5:32 | Construir | House |
| 5:34 | Crear | Villager (Male) |
| 6:12 | Crear | Villager (Male) |
| 6:15 | Crear | Villager (Male) |
| 6:29 | Construir | Palisade Wall |
| 6:39 | Construir | Mining Camp |
| 6:40 | Crear | Villager (Male) |
| 6:49 | Crear | Villager (Male) |
| 7:13 | Crear | Villager (Male) |
| 7:19 | Crear | Villager (Male) |
| 7:30 | Crear | Villager (Male) |
| 7:49 | Construir | Mill |
| 9:33 | Investigar | Feudal Age |
| 10:34 | Construir | Farm |
| 10:34 | Construir | Farm |
| 10:35 | Construir | Farm |
| 10:35 | Construir | Farm |
| 10:35 | Construir | Farm |
| 10:52 | Crear | Villager (Male) |
| 11:13 | Construir | House |
| 11:15 | Construir | House |
| 11:17 | Crear | Villager (Male) |
| 11:43 | Edad | Edad Feudal |
| 11:50 | Investigar | Double-Bit Axe |
| 11:58 | Investigar | Gold Mining |
| 12:09 | Crear | Villager (Male) |
| 12:23 | Construir | Mining Camp |
| 12:27 | Crear | Villager (Male) |
| 12:52 | Crear | Villager (Male) |
| 13:11 | Crear | Villager (Male) |
| 13:14 | Construir | Farm |
| 13:14 | Construir | Farm |
| 13:14 | Construir | Farm |
| 13:14 | Construir | Farm |
| 13:36 | Investigar | Loom |
| 14:02 | Crear | Villager (Male) |
| 14:18 | Construir | Farm |
| 14:18 | Construir | Farm |
| 14:20 | Construir | Farm |
| 14:20 | Construir | Farm |
| 14:33 | Crear | Villager (Male) |
| 15:35 | Construir | House |
| 15:58 | Construir | Palisade Wall |
| 16:01 | Crear | Villager (Male) |
| 16:08 | Crear | Villager (Male) |
| 16:09 | Crear | Villager (Male) |
| 16:19 | Construir | Blacksmith |
| 16:36 | Construir | Market |
| 16:42 | Crear | Villager (Male) |
| 16:47 | Investigar | Wheelbarrow |
| 17:19 | Construir | Barracks |
| 17:34 | Investigar | Castle Age |
| 18:29 | Construir | Stable |
| 18:52 | Crear | Villager (Male) |
| 19:38 | Investigar | Padded Archer Armor |
| 20:16 | Edad | Edad de los Castillos |
| 20:36 | Construir | Castle |
| 20:39 | Crear | Villager (Male) |
| 20:52 | Construir | Mining Camp |
| 21:56 | Crear | Conquistador |
| 22:13 | Crear | Villager (Male) |
| 22:14 | Crear | Villager (Male) |
| 22:16 | Investigar | Wheelbarrow |
| 22:24 | Investigar | Stone Mining |
| 22:34 | Crear | Conquistador |
| 22:34 | Crear | Conquistador |
| 22:43 | Crear | Conquistador |
| 23:00 | Crear | Conquistador |
| 23:42 | Construir | Town Center |
| 23:49 | Construir | Mining Camp |
| 23:53 | Crear | Villager (Male) |
| 23:54 | Crear | Villager (Male) |
| 23:55 | Crear | Conquistador |
| 24:01 | Crear | Conquistador |
| 24:01 | Crear | Villager (Male) |
| 24:02 | Crear | Villager (Male) |
| 24:03 | Crear | Villager (Male) |
| 24:26 | Construir | Lumber Camp |
| 24:29 | Crear | Villager (Male) |
| 24:33 | Investigar | Leather Archer Armor |
| 24:38 | Investigar | Husbandry |
| 24:40 | Investigar | Bloodlines |
| 24:44 | Crear | Villager (Male) |
| 24:58 | Crear | Conquistador |
Build order — plantar2005
60 acciones detectadas en el replay
| 0:28 | Crear | Villager (Male) |
| 0:28 | Crear | Villager (Male) |
| 0:29 | Crear | Villager (Male) |
| 0:29 | Crear | Villager (Male) |
| 0:38 | Construir | House |
| 2:36 | Construir | House |
| 3:09 | Crear | Villager (Male) |
| 3:12 | Crear | Villager (Male) |
| 4:10 | Construir | Palisade Wall |
| 4:36 | Crear | Villager (Male) |
| 4:39 | Crear | Villager (Male) |
| 6:14 | Construir | Barracks |
| 6:36 | Crear | Villager (Male) |
| 8:40 | Construir | Mill |
| 8:45 | Crear | Villager (Male) |
| 8:46 | Crear | Villager (Male) |
| 8:47 | Crear | Villager (Male) |
| 9:27 | Investigar | Feudal Age |
| 9:37 | Construir | Farm |
| 11:12 | Construir | House |
| 11:33 | Construir | Palisade Gate |
| 11:45 | Edad | Edad Feudal |
| 11:47 | Investigar | Wheelbarrow |
| 12:08 | Construir | Lumber Camp |
| 12:33 | Crear | Villager (Male) |
| 12:33 | Crear | Villager (Male) |
| 12:34 | Crear | Villager (Male) |
| 12:34 | Crear | Villager (Male) |
| 12:42 | Construir | House |
| 13:54 | Investigar | Double-Bit Axe |
| 14:59 | Crear | Villager (Male) |
| 15:59 | Construir | House |
| 16:04 | Construir | House |
| 16:15 | Construir | House |
| 16:29 | Construir | Watch Tower |
| 16:53 | Construir | Farm |
| 17:07 | Construir | Farm |
| 17:54 | Construir | Stable |
| 18:05 | Crear | Villager (Male) |
| 18:05 | Crear | Villager (Male) |
| 18:05 | Crear | Villager (Male) |
| 18:07 | Crear | Villager (Male) |
| 18:32 | Crear | Spearman |
| 21:00 | Construir | Market |
| 21:57 | Construir | Stone Wall |
| 22:12 | Crear | Spearman |
| 22:12 | Crear | Spearman |
| 22:13 | Crear | Spearman |
| 23:40 | Crear | Spearman |
| 23:40 | Crear | Spearman |
| 23:40 | Crear | Spearman |
| 23:40 | Crear | Spearman |
| 24:02 | Crear | Scout Cavalry |
| 24:02 | Crear | Scout Cavalry |
| 24:03 | Crear | Scout Cavalry |
| 24:04 | Crear | Scout Cavalry |
| 24:12 | Crear | Spearman |
| 24:12 | Crear | Spearman |
| 24:13 | Crear | Spearman |
| 24:35 | Construir | Farm |
Cronología de la partida
| 4:10 | plantar2005 · wall_segment Palisade Wall x15 |
| 5:37 | Rakerion · first_building Barracks |
| 6:14 | plantar2005 · first_building Barracks |
| 6:29 | willswt · wall_segment Palisade Wall x12 |
| 10:48 | rafael9530 · age_up feudal |
| 11:10 | Rakerion · age_up feudal |
| 11:43 | willswt · age_up feudal |
| 11:45 | plantar2005 · age_up feudal |
| 12:09 | rafael9530 · wall_segment Palisade Wall x3 |
| 12:26 | rafael9530 · wall_segment Palisade Wall x3 |
| 13:20 | Rakerion · wall_segment Palisade Wall x1 |
| 14:25 | rafael9530 · first_market_sell 100 wood |
| 15:58 | willswt · wall_segment Palisade Wall x4 |
| 16:16 | Rakerion · age_up castle |
| 17:09 | rafael9530 · age_up castle |
| 17:19 | willswt · first_building Barracks |
| 17:54 | plantar2005 · first_building Stable |
| 18:29 | willswt · first_building Stable |
| 20:16 | willswt · age_up castle |
| 20:36 | willswt · first_building Castle |
| 20:44 | rafael9530 · first_building Castle |
| 21:57 | plantar2005 · wall_segment Stone Wall x13 |
| 23:40 | rafael9530 · first_building Siege Workshop |
| 24:04 | Rakerion · first_market_buy 100 food |
| 24:59 | rafael9530 · resign |
[ ANÁLISIS IA · 1 CRÉDITO ]
¿Qué pasó realmente en esta partida?
Wolo.gg analiza cada decisión: build order, eco, micro, errores típicos por bracket. Análisis personalizado por WhatsApp o Discord en 30 segundos.
Guía civ
Godos
Perfil
Jugador #4836840